 Dungeon Crawl Stone Soup version bcrawl-1.40.3b (webtiles) character file.

Game seed: 4804651122703386410

139284 Amelense the Poker (level 3, -32/23 HPs)
             Began as a Skeleton Monk on Feb 6, 2024.
             Killed from afar by Terence (45 damage)
             ... with an exploding inner flame
             ... hexed by the player character
             ... on level 2 of the Dungeon.
             The game lasted 00:08:56 (1001 turns).

Amelense the Poker (Skeleton Monk)                  Turns: 1001, Time: 00:08:56

Health: -32/23     AC:  3    Str: 17      XL:     3   Next: 50%
Magic:  0/4        EV: 13    Int:  8      God:
Gold:   43         SH:  0    Dex: 11 (12) Spells: 2/2 levels left

rFire    . . .     GDR:     23% o - +2 spear (pierce)
rCold    + . .     SeeInvis .   (no shield)
rNeg     + + +     Gourm    .   b - +0 robe
rPois    ∞         Faith    .   c - +0 hat
rElec    .         Spirit   +   h - +0 cloak
rCorr    .         Reflect  .   (no gloves)
MR       .....                  (no boots)
Stlth    ++........             d - amulet of magic regeneration
HPRegen  0.13/turn              (no ring)
MPRegen  0.17/turn              (no ring)

@: very slightly contaminated
A: no food or potions, cold resistance 1, deterioration 1, negative energy
resistance 3, torment resistance, unbreathing, magic shield, sturdy frame 1,
spell healing
a: no special abilities


You were on level 2 of the Dungeon.
You were not hungry.

You visited 1 branch of the dungeon, and saw 2 of its levels.

You collected 43 gold pieces.

Inventory:

Hand Weapons
 a - a +0 spear
 o - a +2 spear of piercing (weapon)
 p - a +2 hand axe of draining
Armour
 b - a +0 robe (worn)
 c - a +0 hat (worn)
 g - a +0 robe
 h - a +0 cloak (worn)
 j - a +0 plate armour
Jewellery
 d - an amulet of magic regeneration (around neck)
Scrolls
 f - a scroll of immolation
 i - a scroll of identify
 l - 3 scrolls of remove curse
 m - a scroll of blinking
 n - a scroll of teleportation {unknown}
 q - a scroll of revelation {unknown}
Potions
 k - a potion of brilliance {unknown}
Comestibles
 e - a ration {!d}


   Skills:
 * Level 3.5 Fighting
 * Level 4.1 Polearms
 * Level 3.6 Dodging
 + Level 2.7 Stealth
   Level 1.7 Invocations


You had 2 spell levels left.
You didn't know any spells.
Your spell library was empty.

Dungeon Overview and Level Annotations

Branches:
Dungeon (2/12)

Altars:
Vehumet


Innate Abilities, Weirdness & Mutations

You do not eat or drink.
You are immune to poison.
Your flesh is cold resistant. (rC+)
Your body sometimes deteriorates upon taking damage.
You are immune to negative energy. (rN+++)
You are immune to unholy pain and torment.
You can survive without breathing.
When hurt, damage is shared between your health and your magic reserves.
Your movements are slightly less encumbered by armour. (ER -2)
Casting spells heals you.


Message History

Your body deteriorates!
You feel clumsy.
You hit Terence but do no damage.
Ssssck.
Terence is severely wounded.
You hit Terence but do no damage.
Snnnck.
Terence is severely wounded.
Terence hits you with a cursed -1 short sword.
Terence screams, "I want your blood!"
You closely miss Terence.
Terence is severely wounded.
Terence hits you but does no damage.
You hit Terence.
Snnnck.
Terence is almost dead.
Terence hits you with a cursed -1 short sword.
You hit Terence.
Terence explodes!
The fiery explosion engulfs the hobgoblin!!
The hobgoblin explodes!
The fiery explosion engulfs you!!!
Ouch! That really hurt!
You die...

# ## ##. ##..
#(####### ##...
#...g.§§# #...#
#....##§# #.#÷#
#.... #§#
######.#.# #.$..
#@# #........#
##### #.#
#.####...# #.#
#####'## #..>#
#.# #......#
#.###
######'###......#
#.#
#...............#
#.#
#......[........#
#.#
#...............#
#.#
#...............#
#†#


There were no monsters in sight!

Vanquished Creatures
  3 dart slugs
  A leopard gecko (D:1)
  An orc (D:2)
  6 bats
  2 giant cockroaches
  6 goblins
  5 hobgoblins
  A jackal (D:1)
  3 kobolds
  2 frilled lizards
  6 rats
36 creatures vanquished.

Vanquished Creatures (others)
  A hobgoblin (D:2)
1 creature vanquished.

Grand Total: 37 creatures vanquished

Notes
Turn   | Place    | Note
-------+----------+-------------------------------------------
     0 | D:1      | Amelense the Skeleton Monk began the quest for the Orb.
     0 | D:1      | Reached XP level 1. HP: 14/14 MP: 2/2
   161 | D:1      | Reached XP level 2. HP: 19/19 MP: 3/3
   535 | D:1      | Reached XP level 3. HP: 22/23 MP: 4/4
   641 | D:2      | Found a radiant altar of Vehumet.
   711 | D:2      | Reached skill level 4 in Polearms
   982 | D:2      | Noticed Terence
  1001 | D:2      | Killed Terence
  1001 | D:2      | Killed from afar by Terence

Skill      XL: |  1  2  3 |
---------------+----------+-----
Polearms       | 4 |  4.1
Fighting       | |  3.5
Dodging        | |  3.6
Stealth        | |  2.7
Invocations    | |  1.7

Action                   || total
-------------------------++-------
Melee: Spear             ||    81
  Use: Scroll            ||     2
 Stab: Sleeping          ||     7
Armor: Robe              ||     8
Dodge: Dodged            ||    21
